 Dungeon Crawl Stone Soup version 0.17.0-28-g6e173f8 (webtiles) character file.

570 homeworkjunkie the Covert (level 7, -9/35 HPs)
             Began as a Spriggan Assassin on Nov 29, 2015.
             Mangled by an ogre
             ... wielding a +0 giant spiked club
              (11 damage)
             ... on level 5 of the Dungeon.
             The game lasted 00:11:09 (5112 turns).

homeworkjunkie the Covert (Spriggan Assassin)       Turns: 5112, Time: 00:11:10

Health: -9/35      AC:  3    Str:  7    XL:     7   Next: 11%
Magic:  8/8        EV: 21    Int: 12    God:
Gold:   228        SH:  0    Dex: 20    Spells: 0 memorised, 6 levels left

rFire  . . .     SeeInvis +     r - -1 short sword (curse)
rCold  . . .     Clarity  .     c - +0 robe
rNeg   . . .     SustAt   .     (shield restricted)
rPois  .         Gourm    .     (helmet restricted)
rElec  .         Spirit   .     d - +0 cloak
rCorr  .         Warding  .     (gloves unavailable)
rMut   .         Stasis   .     (boots unavailable)
MR     ++...                    (no amulet)
Stlth  +++++.....               (no ring)
                                m - ring of protection from magic

@: very quick, very resistant to hostile enchantments, quite stealthy
A: unfitting armour, see invisible, herbivore 3, speed 3, slow metabolism 2
a: no special abilities


You were on level 5 of the Dungeon.
You were full.

You visited 1 branch of the dungeon, and saw 6 of its levels.

You collected 228 gold pieces.

Inventory:

Hand Weapons
 a - a +2 dagger
 b - a +0 blowgun
 q - a +0 hunting sling
 r - a cursed -1 short sword (weapon)
Missiles
 e - 26 poisoned needles
 f - 2 curare-tipped needles
Armour
 c - a +0 robe (worn)
 d - a +0 cloak (worn)
Jewellery
 m - a ring of protection from magic (left hand)
Wands
 v - a wand of draining (0)
Scrolls
 s - a scroll of fear
 u - a scroll of identify
Potions
 i - a potion of curing
 j - a potion of might {unknown}
 k - a potion of degeneration {unknown}
 n - a potion of haste {unknown}
 p - a potion of cancellation {unknown}
 t - a potion of berserk rage
Comestibles
 g - 2 bread rations


   Skills:
 * Level 2.5 Fighting
 * Level 3.0 Short Blades
 * Level 2.4(3.9) Slings
 * Level 4.0(4.2) Throwing
 * Level 5.2 Dodging
 * Level 8.6 Stealth
 * Level 0.6 Evocations


You had 6 spell levels left.
You didn't know any spells.

Dungeon Overview and Level Annotations

Branches:
Dungeon (6/15)
 Temple: D:4-7

Altars:
Sif Muna
Trog
The Shining One


Innate Abilities, Weirdness & Mutations

You are tiny and cannot use many weapons and most armour.
You have supernaturally acute eyesight.
You are a herbivore.
You cover ground extremely quickly.
You need consume almost no food.


Message History

The ogre barely misses you.
You hit the ogre.
The ogre is almost dead.
The ogre misses you.
You hit the ogre.
The ogre is almost dead.
You hit the ogre.
The ogre is almost dead.
The ogre hits you with a giant spiked club!!
Ouch! That really hurt!
* * * LOW HITPOINT WARNING * * *
You closely miss the ogre.
The ogre is almost dead.
The ogre completely misses you.
You barely miss the ogre.
The ogre is almost dead.
You hit the ogre but do no damage.
The ogre is almost dead.
The ogre hits you with a giant spiked club!
You die...

#.......##.#.# #####
#.#..##.##.#.# #....
#..##.##.#.# #.###
#.....##.#.# #.#
#..........# #.#
##....##.### #.#
#.....##.# #.#
.....#.#..###.# #.#
....#.#@.###.#######.#
...#.#O.............#
..#.#..###.#########
#.#.#..# #.#
##.#..(.###.#
#.........#.#
#..$..(......#
..............#..#
..............#..#


You could see an ogre.

Vanquished Creatures
  A centaur (D:4)
  An ice beast (D:4)
  An orc wizard (D:4)
  An orc priest (D:4)
  2 giant frog skeletons (D:4)
  3 worker ants
  6 adders
  4 gnolls (D:3)
  2 shadow imps (D:5)
  2 worms
  7 giant geckos
  6 orcs
  3 ball pythons
  4 giant cockroaches
  7 hobgoblins
  4 quokkas
  6 bats
  2 giant newts
  9 goblins
  6 jackals
  7 kobolds
  A quokka zombie (D:5)
  8 rats
93 creatures vanquished.

Notes
Turn   | Place    | Note
--------------------------------------------------------------
     0 | D:1      | homeworkjunkie the Spriggan Assassin began the quest for the Orb.
     0 | D:1      | Reached XP level 1. HP: 10/10 MP: 2/2
    32 | D:1      | Reached skill level 6 in Stealth
    66 | D:1      | Reached XP level 2. HP: 4/15 MP: 3/3
   877 | D:1      | Reached XP level 3. HP: 18/18 MP: 4/4
  1195 | D:2      | Reached skill level 7 in Stealth
  1680 | D:3      | Reached XP level 4. HP: 23/23 MP: 5/5
  2490 | D:3      | Found a glowing golden altar of the Shining One.
  2494 | D:3      | Reached XP level 5. HP: 26/26 MP: 6/6
  2554 | D:3      | Found a bloodstained altar of Trog.
  2557 | D:3      | Found a deep blue altar of Sif Muna.
  2783 | D:4      | Reached skill level 1 in Slings
  3216 | D:5      | Entered Level 5 of the Dungeon
  3421 | D:5      | Found a bloodstained altar of Trog.
  3470 | D:5      | Reached skill level 8 in Stealth
  3609 | D:4      | Reached XP level 6. HP: 15/30 MP: 7/7
  4675 | D:5      | Noticed an ice beast
  4768 | D:4      | Noticed a centaur
  4772 | D:4      | Killed a centaur
  4772 | D:4      | Reached skill level 5 in Dodging
  4772 | D:4      | Reached XP level 7. HP: 16/35 MP: 8/8
  5085 | D:5      | Noticed an ogre
  5109 | D:5      | HP: 1/35 [ogre/giant spiked club (34)]
  5112 | D:5      | Mangled by an ogre

Action                   |  1- 3 |  4- 6 |  7- 9 || total
-------------------------+-------+-------+-------++-------
Melee: Dagger            |    80 |    46 |       ||   126
       Short sword       |       |   133 |    11 ||   144
 Fire: Blowgun           |     6 |    14 |       ||    20
       Hunting sling     |    12 |       |       ||    12
Throw: Tomahawk          |    16 |    34 |     5 ||    55
Evoke: Wand              |       |    18 |     1 ||    19
  Use: Scroll            |     7 |     6 |       ||    13
       Potion            |       |     4 |       ||     4
 Stab: Sleeping          |     5 |    13 |       ||    18
  Eat: Bread ration      |       |     1 |       ||     1
